 Dungeon Crawl Stone Soup version 0.19.0-11-g3fc08b3 (webtiles) character file.

242 emikaela the Skirmisher (level 5, 0/34 HPs)
             Began as a Deep Elf Hunter on Nov 9, 2016.
             Slain by a crimson imp (3 damage)
             ... on level 5 of the Dungeon.
             The game lasted 00:11:51 (4494 turns).

emikaela the Skirmisher (Deep Elf Hunter)           Turns: 4494, Time: 00:11:52

Health: 0/34       AC:  3    Str:  6 (9)  XL:     5   Next: 81%
Magic:  7/7        EV: 13    Int: 15 (16) God:
Gold:   92         SH:  0    Dex: 16      Spells: 0 memorised, 4 levels left

rFire  . . .     SeeInvis .     a - +1 shortbow
rCold  . . .     Gourm    .     c - +0 leather armour
rNeg   . . .     Faith    .     (shield currently unavailable)
rPois  .         Spirit   .     (no helmet)
rElec  .         Reflect  .     (no cloak)
rCorr  .         Harm     .     (no gloves)
MR     .....                    (no boots)
Stlth  ++........               (no amulet)
                                (no ring)
                                (no ring)

@: no status effects
A: no striking features
a: no special abilities


You were on level 5 of the Dungeon.
You were not hungry.

You visited 1 branch of the dungeon, and saw 5 of its levels.

You collected 92 gold pieces.

Inventory:

Hand Weapons
 a - a +1 shortbow (weapon)
 b - a +0 mace
Missiles
 d - 14 arrows (quivered)
 g - 128 stones
 k - 7 tomahawks
 o - 12 poisoned needles
Armour
 c - a +0 leather armour (worn)
 p - a cursed +0 leather armour
Wands
 r - a wand of enslavement (7/24)
Scrolls
 e - a scroll of magic mapping {unknown}
 i - a scroll of blinking
 j - 3 scrolls of identify {unknown}
 m - a scroll of remove curse
 n - a scroll of immolation {unknown}
 q - 4 scrolls of recharging {unknown}
Potions
 h - a potion of curing
Comestibles
 f - 2 bread rations
 l - 3 meat rations
 s - 5 chunks of flesh


   Skills:
 + Level 4.8 Fighting
 - Level 4.3 Bows
 + Level 3.4 Dodging
 - Level 1.2 Stealth


You had 4 spell levels left.
You didn't know any spells.

Dungeon Overview and Level Annotations

Branches:
Dungeon (5/15)
 Temple: D:4-7

Altars:
Ashenzari
Yredelemnul

Shops:
D:4 [

Annotations:
D:4 PerKiller's ghost, amateur TeFE


Message History

The arrow barely misses the howler monkey.
The arrow barely misses the scorpion.
The arrow misses the crimson imp.
The crimson imp shouts, "Go and return not, thou artless milk-livered dingleberry!"
The howler monkey hits you but does no damage.
Firing (i - inventory. (,) - cycle):
d - 16 arrows (quivered)
Press: ? - help, Shift-Dir - straight line, f/p - howler monkey
Aim: a howler monkey (almost dead, catching its breath)
You shoot an arrow. The arrow hits the howler monkey.
You kill the howler monkey!
You feel your dexterity returning.
Your Dodging skill increases to level 3!
The crimson imp blinks!
Firing (i - inventory. (,) - cycle):
d - 15 arrows (quivered)
Press: ? - help, Shift-Dir - straight line, f - crimson imp
Aim: a crimson imp You shoot an arrow.
The arrow hits the crimson imp.
The crimson imp is moderately wounded.
The crimson imp grinds its teeth.
The crimson imp hits you.
You die...

#########
#........ #@# #5#
###s####
#..Y...#########
#.....s.รท......#
#..(...##..###.#
#####........#s#
#....###.#.#####
#....#<#........


You could see an ice beast, a scorpion and a crimson imp.

Vanquished Creatures
  A howler monkey (D:5)
  2 orc wizards (D:3)
  A worker ant (D:4)
  3 adders
  An ooze (D:3)
  A worm (D:2)
  A dart slug (D:3)
  2 leopard geckos
  10 orcs
  6 giant cockroaches
  7 hobgoblins
  3 jackals
  2 quokkas
  4 ball pythons
  4 bats
  6 frilled lizards
  10 goblins
  10 kobolds
  4 rats
78 creatures vanquished.

Vanquished Creatures (others)
  An orc (D:4)
1 creature vanquished.

Grand Total: 79 creatures vanquished

Notes
Turn   | Place    | Note
-------+----------+-------------------------------------------
     0 | D:1      | emikaela the Deep Elf Hunter began the quest for the Orb.
     0 | D:1      | Reached XP level 1. HP: 12/12 MP: 3/3
    99 | D:1      | Reached XP level 2. HP: 17/17 MP: 4/4
   639 | D:2      | Found a shattered altar of Ashenzari.
   664 | D:2      | Found a basalt altar of Yredelemnul.
   932 | D:2      | Reached XP level 3. HP: 18/22 MP: 5/5
  1738 | D:3      | Reached XP level 4. HP: 22/28 MP: 6/6
  2901 | D:3      | Reached XP level 5. HP: 34/34 MP: 7/7
  3206 | D:4      | Found Foafuist's Armour Shop.
  3237 | D:4      | Noticed an ogre
  4423 | D:4      | Noticed PerKiller's ghost (amateur TeFE)
  4440 | D:5      | Entered Level 5 of the Dungeon
  4485 | D:5      | Noticed an ice beast
  4494 | D:5      | Slain by a crimson imp

Skill      XL: |  1  2  3  4  5 |
---------------+----------------+-----
Fighting       | 2 3 4 |  4.8
Dodging        | 3 |  3.4
Bows           | |  4.3
Stealth        | |  1.2

Action                   |  1- 3 |  4- 6 || total
-------------------------+-------+-------++-------
Melee: Mace              |    58 |   138 ||   196
 Fire: Shortbow          |    78 |    62 ||   140
Throw: Stone             |       |     4 ||     4
       Tomahawk          |       |     3 ||     3
Evoke: Wand              |       |     3 ||     3
  Use: Scroll            |     3 |     1 ||     4
       Potion            |       |     4 ||     4
 Stab: Sleeping          |     1 |     1 ||     2
  Eat: Chunk             |     2 |     9 ||    11
Armor: Leather armour    |    16 |    38 ||    54
Dodge: Dodged            |    60 |   130 ||   190
